 Dungeon Crawl Stone Soup version 0.28-a0-1002-gf00fe891ef (webtiles) character file.

Game seed: 9341030640500665623

383 enile the Sneak (level 6, 0/56 HPs)
             Began as a Naga Enchanter on Dec 6, 2021.
             Was a Priest of Zin.
             Killed from afar by an electric eel (12 damage)
             ... with a bolt of electricity
             ... on level 6 of the Dungeon.
             The game lasted 00:14:52 (3991 turns).

enile the Sneak (Naga Enchanter)                    Turns: 3991, Time: 00:14:53

Health: 0/56       AC:  6    Str: 10 (11) XL:     6   Next: 76%
Magic:  10/10      EV:  9    Int: 16 (17) God:    Zin [***...]
Gold:   140        SH:  0    Dex: 10 (11) Spells: 5/11 levels left

rFire   x . .      SeeInvis +   n - +0 short sword
rCold   + . .      Faith    .   (no shield)
rNeg    . . .      Spirit   .   b - +0 robe
rPois   +          Reflect  .   (no helmet)
rElec   .          Harm     .   p - +2 cloak
rCorr   .          Rampage  .   (no gloves)
Will    .....                   (no barding)
Stlth   +++.......              e - amulet of regeneration
HPRegen 0.98/turn               j - ring of ice
MPRegen 0.12/turn               (no ring)

@: very slow
A: AC +2, large, see invisible, deformed body, poison resistance, slowness 2,
spit poison 1, naga tail 1
a: Spit Poison, Renounce Religion, Recite, Vitalisation, Imprison, Donate Gold


You were on level 6 of the Dungeon.
You worshipped Zin.
Zin was most pleased with you.
You visited 1 branch of the dungeon, and saw 4 of its levels.

You collected 181 gold pieces.
You donated 41 gold pieces to Zin.

Inventory:

Hand Weapons
 a - a +1 dagger
 h - a +1 hand crossbow of freezing
 n - a +0 short sword (weapon)
Missiles
 l - 21 bolts
 m - a curare-tipped dart
Armour
 b - a +0 robe (worn)
 g - a +0 kite shield
 p - a +2 cloak (worn)
Jewellery
 e - an amulet of regeneration (around neck)
 j - a ring of ice (left hand)
Scrolls
 d - 3 scrolls of identify {unknown}
 i - a scroll of enchant weapon {unknown}
 o - 2 scrolls of fog {unknown}
Potions
 c - 2 potions of ambrosia {unknown}
 k - a potion of degeneration


   Skills:
 - Level 3.0 Fighting
 - Level 2.0 Short Blades
 - Level 1.5 Dodging
 - Level 6.0 Stealth
 - Level 3.0 Spellcasting
 - Level 3.0 Conjurations
 - Level 3.0 Hexes
 - Level 1.0 Fire Magic
 + Level 1.6 Ice Magic
 - Level 1.0 Invocations


You had 5 spell levels left.
You knew the following spells:

 Your Spells              Type           Power      Damage    Failure   Level
a - Foxfire               Conj/Fire      32%        2x1d5     9%          1
b - Ensorcelled Hibernat  Hex/Ice        28%        N/A       11%         2
c - Tukima's Dance        Hex            12%        N/A       16%         3

Your spell library contained the following spells:

 Spells                   Type           Power      Damage    Failure   Level
 Confusing Touch          Hex            12%        N/A       16%         3
 Dazzling Flash           Conj/Hex       24%        N/A       16%         3
 Sting                    Tmut/Pois      8%         1d3       19%         1
 Poisonous Vapours        Pois/Air       4%         N/A       28%         2
 Olgreb's Toxic Radiance  Pois           2%         N/A       88%         4


Dungeon Overview and Level Annotations

Branches:
Dungeon (3/15)

Altars:
Zin

Shops:
D:3 [


Innate Abilities, Weirdness & Mutations

Your serpentine skin is tough. (AC +2)
You have supernaturally acute eyesight. (SInv)
Armour fits poorly on your strangely shaped body.
Your system is resistant to poisons. (rPois)
You cover ground very slowly.
You can spit poison.
You have a snake-like lower body.


Message History

Training target 3.0 for Fighting reached!
Your Fighting skill increases to level 3!
You need to enable at least one skill for training.
Training target 2.0 for Short Blades reached!
Your Short Blades skill increases to level 2!
You need to enable at least one skill for training.
c - 2 metallic inky potions
m - a curare-tipped dart You enter the shallow water.
Moving in this stuff is going to be slow.
An electric eel comes into view.
A kobold comes into view.
It is wielding a +0 dagger and quivering poisoned darts.
The electric eel moves out of view.
There are monsters nearby!
The kobold shouts!
The kobold throws a poisoned dart.
The poisoned dart hits you.
The kobold throws a poisoned dart.
The poisoned dart hits you!
You enter the shallow water.
Moving in this stuff is going to be slow.
You barely miss the kobold. The kobold hits you but does no damage.
The electric eel shoots out a bolt of lightning at you!
The bolt of electricity hits the plant!
The plant begins to die.
The bolt of electricity hits the kobold!
The kobold dies!
You hear a splash. x2
The bolt of electricity hits you!!
The electric eel shoots out a bolt of lightning at you!
The bolt of electricity hits the plant!
The bolt of electricity hits you!
The electric eel shoots out a bolt of lightning at you!
The bolt of electricity hits you. The bolt of electricity hits you!
The electric eel shoots out a bolt of lightning at you!
The bolt of electricity misses you.
The electric eel shoots out a bolt of lightning at you!
The bolt of electricity hits you!
The electric eel shoots out a bolt of lightning at you!
The bolt of electricity hits you!
* * * LOW HITPOINT WARNING * * *
The electric eel shoots out a bolt of lightning at you!
The bolt of electricity hits you!
You die...

#.# #.###.#.# #.#
#..(..#.# #.#
#######.# #.# #.#
# #.# #.# # #.#
#.# # #.# #.# #
#.# #.##### #@#
#...... #.##
##♣≈♣♣≈ #..#
♣♣♣♣♣ ##.# ♣♣ ≈
♣≈P≈≈≈ #.#
♣≈♣≈≈P≈≈P≈≈≈ #.#
♣≈≈≈≈P≈≈≈≈≈≈≈
#.♣♣≈≈≈≈≈≈≈≈≈≈≈≈≈
#S♣≈≈≈♣≈≈≈≈≈≈≈≈≈≈
#≈)P♣≈≈≈≈≈≈≈≈≈S≈≈


You could see an electric eel.

Vanquished Creatures
  An ice beast (D:6)
  A kobold brigand (D:6)
  An electric eel (D:6)
  A hound (D:6)
  Terence (D:2)
  An iguana (D:6)
  An orc wizard (D:6)
  An adder (D:3)
  A worm (D:2)
  3 dart slugs
  4 orcs (D:6)
  4 bats (D:1)
  5 endoplasms
  2 giant cockroaches (D:1)
  6 goblins (D:1)
  3 hobgoblins
  10 kobolds
  6 quokkas
  7 ball pythons
  2 frilled lizards
  6 rats
67 creatures vanquished.

Vanquished Creatures (collateral kills)
  6 foxfires (D:1)
6 creatures vanquished.

Vanquished Creatures (others)
  A kobold (D:6)
  23 foxfires
  A fungus (D:1)
  23 plants
48 creatures vanquished.

Grand Total: 121 creatures vanquished

Notes
Turn   | Place    | Note
-------+----------+-------------------------------------------
     0 | D:1      | enile the Naga Enchanter began the quest for the Orb.
     0 | D:1      | Reached XP level 1. HP: 15/15 MP: 3/3
   151 | D:1      | Found a faded altar of an unknown god.
   164 | D:1      | Got Plato's Grimoire of the Arsonist
   165 | D:1      | Prayed at the altar of an unknown god.
   165 | D:1      | Became a worshipper of Zin the Law-Giver
   165 | D:1      | Reached * piety under Zin
   173 | D:1      | Reached skill level 1 in Fighting
   184 | D:1      | Reached XP level 2. HP: 12/25 MP: 5/5
   458 | D:1      | Learned a level 1 spell: Foxfire
   461 | D:1      | Learned a level 2 spell: Ensorcelled Hibernation
   907 | D:1      | Reached skill level 1 in Conjurations
  1246 | D:1      | Reached XP level 3. HP: 29/32 MP: 0/6
  1393 | D:1      | Reached skill level 1 in Fire Magic
  2071 | D:2      | Donated 23 gold pieces to Zin
  2136 | D:2      | Reached skill level 1 in Ice Magic
  2441 | D:2      | Reached ** piety under Zin
  2574 | D:2      | Learned a level 3 spell: Tukima's Dance
  2833 | D:2      | Noticed Terence
  2843 | D:2      | Killed Terence
  2844 | D:2      | Reached XP level 4. HP: 37/39 MP: 2/7
  3166 | D:3      | Found Magg's Antique Armour Shoppe.
  3255 | D:3      | You fall into a shaft and drop 3 floors!
  3262 | D:6      | Reached skill level 5 in Stealth
  3262 | D:6      | Reached XP level 5. HP: 45/45 MP: 9/9
  3269 | D:6      | Noticed a kobold brigand
  3288 | D:6      | Killed a kobold brigand
  3289 | D:6      | Reached skill level 6 in Stealth
  3289 | D:6      | Reached skill level 1 in Invocations
  3418 | D:6      | Reached XP level 6. HP: 38/52 MP: 10/10
  3521 | D:6      | Reached *** piety under Zin
  3866 | D:6      | Noticed an ice beast
  3917 | D:6      | Killed an ice beast
  3991 | D:6      | Killed from afar by an electric eel

Illustrated notes

Levels and vault maps discovered:
D:1:      dpeg_arrival_water_temple_mockup, layout_loops_corners,
          shapermc_ecumenical_altar_rom_forum, serial_forest,
          infiniplex_forest_clump_curved, infiniplex_forest_straight_3,
          infiniplex_forest_end_2, infiniplex_forest_clump_double,
          infiniplex_forest_lined_2, infiniplex_forest_clump_long
D:2:      layout_loops_cross, kennysheep_pointless_box, grunt_decor_one_mirror,
          uniq_terence
D:3:      layout_loops_ring, serial_shops, nicolae_diamond_shop,
          nicolae_shop_waterfront
D:6:      layout_basic, st_stairs_5, serial_bayou_lake_a

Skill      XL: |  1  2  3  4  5  6 |
---------------+-------------------+-----
Fighting       | 1 2 3 |  3.0
Conjurations   | 1 2 3 |  3.0
Fire Magic     | 1 |  1.0
Ice Magic      | 1 |  1.6
Spellcasting   | 3 |  3.0
Stealth        | 5 6 |  6.0
Invocations    | 1 |  1.0
Short Blades   | 2 |  2.0
Dodging        | |  1.5
Hexes          | |  3.0

Action                   |  1- 3 |  4- 6 || total
-------------------------+-------+-------++-------
Melee: Dagger            |    89 |   157 ||   246
       Short sword       |       |     6 ||     6
Throw: Dart              |       |     1 ||     1
 Cast: Foxfire           |    16 |     7 ||    23
       Ensorcelled Hiber |    15 |    11 ||    26
       Tukima's Dance    |     1 |     1 ||     2
Invok: Donate Gold       |     1 |       ||     1
       Recite            |       |     1 ||     1
 Abil: Spit Poison       |     8 |    22 ||    30
  Use: Potion            |       |     3 ||     3
       Scroll            |       |     1 ||     1
 Stab: Sleeping          |    16 |     7 ||    23
Armor: Robe              |    10 |    54 ||    64
Dodge: Dodged            |    41 |    83 ||   124

Table legend: (Time is in decaauts)
 A = Elapsed time spent in this place.
 B = Non-inter-level travel time spent in this place.
 C = Inter-level travel time spent in this place.
 D = Time resting spent in this place.
 E = Time spent auto-exploring this place.
 F = Levels seen in this place.
 G = Mean time per level.
                   A        B        C        D        E       F      G
               +--------+--------+--------+--------+--------+-----+--------+
         Total |   4784 |   4676 |    108 |     40 |   3808 |   4 | 1196.0 |
       Dungeon |   4784 |   4676 |    108 |     40 |   3808 |   4 | 1196.0 |
               +--------+--------+--------+--------+--------+-----+--------+

Top non-repeatable levels by time:
     D:1: 2464 daAuts
     D:2: 1242 daAuts
     D:6: 857 daAuts
     D:3: 220 daAuts
